 Dungeon Crawl Stone Soup version 0.13.0-26-gf7ffa3a (webtiles) character file.

407 Czerbonog the Slasher (level 6, -1/44 HPs)
             Began as a Demonspawn Skald on Oct 29, 2013.
             Killed by divine providence
             ... invoked by an orc priest
              (10 damage)
             ... on Level 5 of the Dungeon on Oct 30, 2013.
             The game lasted 00:17:04 (4738 turns).

Czerbonog the Slasher (Demonspawn Skald)            Turns: 4738, Time: 00:17:04

HP  -1/44        AC  5     Str 13      XL: 6   Next: 31%
MP   0/11        EV 10     Int 13 (14) God:
Gold 64          SH  0     Dex 13      Spells:  2 memorised,  6 levels left

Res.Fire  : + + .   See Invis. : .   a - +0 falchion
Res.Cold  : + . .   Warding    : .   b - +0 leather armour (curse)
Life Prot.: . . .   Conserve   : .   (no shield)
Res.Poison: +       Res.Corr.  : .   (no helmet)
Res.Elec. : +       Clarity    : .   (no cloak)
Sust.Abil.: . .     Spirit.Shd : +   (no gloves)
Res.Mut.  : .       Stasis     : .   (no boots)
Res.Rott. : .       Flight     : .   m - amulet of guardian spirit
Saprovore : . . .                    (no ring)
                                     (no ring)

@: slightly resistant to hostile enchantments, very unstealthy
A: claws 1, hooves 1, conserve scrolls, fire resistance 1, AC +2
a: no special abilities


You were on level 5 of the Dungeon.
You were not hungry.

You visited 2 branches of the dungeon, and saw 6 of its levels.

You collected 104 gold pieces.
You spent 60 gold pieces at shops.

Inventory:

Hand weapons
 a - a +0,+0 falchion (weapon)
Armour
 b - a cursed +0 leather armour (worn)
 g - a +0 plate armour
Comestibles
 d - 2 bread rations
 h - 5 rotting chunks of centaur flesh
 p - a sausage
 r - 2 meat rations
Scrolls
 e - a scroll of enchant weapon II {unknown}
 f - a scroll of fog {unknown}
 k - 5 scrolls of remove curse {unknown}
 n - 3 scrolls of identify
Jewellery
 m - an amulet of guardian spirit (around neck)
Potions
 o - 2 potions of slowing
Books
 c - a book of Battle

   Spells                             Type                      Level
   *Infusion                          Charms                       1
   *Shroud of Golubria                Charms/Translocation         2
   Song of Slaying                    Charms                       2
   Spectral Weapon                    Hexes/Charms                 3
   Regeneration                       Charms/Necromancy            3
   Song of Shielding                  Charms                       4


   Skills:
 - Level 2.0 Fighting
 * Level 5.9 Long Blades
 - Level 0.8 Armour
 - Level 0.8 Dodging
 + Level 1.2 Unarmed Combat
 - Level 2.0 Spellcasting
 - Level 2.6 Charms


You had 6 spell levels left.
You knew the following spells:

 Your Spells              Type           Power        Failure   Level  Hunger
a - Infusion              Chrm           #.....       10%         1    ##.....
b - Shroud of Golubria    Chrm/Tloc      #.........   24%         2    ###....


Dungeon Overview and Level Annotations

Branches:
Dungeon (5/27)             Temple (1/1) D:4

Altars:
Cheibriados
Elyvilon
Nemelex Xobeh
Sif Muna
Vehumet
Xom
Zin

Shops:
D:4 *

Annotations:
D:3 Sigmund, Terence
D:4 Eustachio


Innate Abilities, Weirdness & Mutations

You have sharp fingernails.
You are partially covered in slimy green scales (AC +2).
You are very good at protecting items from fire.
Your flesh is heat resistant.
You have large cloven feet.


Message History

Read which item? (? for menu, Esc to quit)
Okay, then.
You barely miss the orc. Your kick misses the orc. You closely miss the orc.
The orc hits you with an orcish mace.
You closely miss the orc. Your kick misses the orc. The orc closely misses you.
The phantom closely misses you.
You closely miss the orc. Your kick misses the orc. The phantom hits you!
The phantom blinks!
The orc barely misses you.
You hit the orc but do no damage.
The phantom blinks!
The orc hits you with an orcish mace.
You hit the orc but do no damage. You kick the orc, but do no damage.
The orc hits you with an orcish mace.
* * * LOW HITPOINT WARNING * * *
Drink which item? (? for menu, Esc to quit)
You feel protected.
You hit the orc but do no damage. The orc hits you with an orcish mace.
* * * LOW HITPOINT WARNING * * *
The orc priest calls down the wrath of Beogh upon you.
Something smites you!
You die...

..... ...≈≈≈≈≈≈≈≈... ..o #
##.#♣≈≈≈≈≈≈....
..#####.###.##.#♣≈≈≈≈≈≈≈..≈
.o.....(o......#♣≈≈≈PP≈..≈≈
..######)##.##.#♣PP≈≈≈.≈..≈
#o##.....♣≈P≈≈≈≈...P
#.##......♣≈♣≈≈≈≈..≈
#o#####.####.P≈≈..≈P
#oo@....# #..♣≈..P♣
######### ##.....≈♣
##....≈≈ ##...## #####


You could see 2 orc priests and an orc.

Vanquished Creatures
  A centaur (D:5)
  3 worker ants (D:4)
  An ogre zombie (D:4)
  Jessica (D:3)
  7 adders
  2 giant mites
  An adder zombie (D:4)
  2 giant geckos (D:2)
  2 orcs
  3 ball pythons
  7 bats
  4 giant cockroaches
  8 hobgoblins
  A quokka (D:2)
  9 giant newts
  A giant newt zombie (D:4)
  6 goblins
  A goblin skeleton (D:4)
  A hobgoblin skeleton (D:4)
  7 kobolds
  A kobold skeleton (D:4)
  An orc skeleton (D:5)
  13 rats
83 creatures vanquished.

Notes
Turn   | Place    | Note
--------------------------------------------------------------
     0 | D:1      | Czerbonog, the Demonspawn Skald, began the quest for the Orb.
     0 | D:1      | Reached XP level 1. HP: 15/15 MP: 3/3
   659 | D:1      | Gained mutation: You have sharp fingernails. [demonic ancestry]
   659 | D:1      | Reached XP level 2. HP: 11/21 MP: 5/5
  1280 | D:1      | Reached skill level 3 in Long Blades
  1520 | D:2      | Gained mutation: You are very good at protecting items from fire. [demonic ancestry]
  1520 | D:2      | Reached XP level 3. HP: 19/26 MP: 2/6
  2308 | D:2      | Reached skill level 4 in Long Blades
  2308 | D:2      | Gained mutation: You are partially covered in slimy green scales (AC +2). [demonic ancestry]
  2308 | D:2      | Reached XP level 4. HP: 22/33 MP: 0/8
  2484 | D:2      | Found a sparkling altar of Nemelex Xobeh.
  2741 | D:2      | Learned a level 2 spell: Shroud of Golubria
  2890 | D:3      | Noticed Jessica
  2919 | D:3      | Killed Jessica
  3033 | D:3      | Noticed Sigmund
  3219 | D:4      | Reached XP level 5. HP: 18/38 MP: 1/9
  3365 | D:4      | Reached skill level 5 in Long Blades
  3599 | D:4      | Found a staircase to the Ecumenical Temple.
  3633 | Temple   | Entered the Ecumenical Temple
  3654 | Temple   | Upgraded the game from 0.13.0-25-g43d4df3 to 0.13.0-26-gf7ffa3a
  3659 | Temple   | Gained mutation: You have large cloven feet. [potion of beneficial mutation]
  3871 | D:4      | Found Meegos' General Store.
  3875 | D:4      | Bought a scroll of blinking for 60 gold pieces
  3921 | D:4      | Noticed Eustachio
  3959 | D:3      | Noticed Terence
  4376 | D:5      | Entered Level 5 of the Dungeon
  4405 | D:5      | Noticed a centaur
  4416 | D:5      | Killed a centaur
  4416 | D:5      | Reached skill level 1 in Unarmed Combat
  4416 | D:5      | Gained mutation: Your flesh is heat resistant. [demonic ancestry]
  4416 | D:5      | Reached XP level 6. HP: 19/44 MP: 2/11
  4706 | D:5      | Noticed a phantom
  4738 | D:5      | Killed from afar by an orc priest

Action                   |  1- 3 |  4- 6 || total
-------------------------+-------+-------++-------
Melee: Falchion          |   128 |   243 ||   371
       Unarmed           |       |     4 ||     4
 Cast: Infusion          |     4 |     8 ||    12
       Shroud of Golubri |       |     1 ||     1
  Use: Scroll            |     5 |     6 ||    11
       Potion            |     4 |     9 ||    13
